 Dungeon Crawl Stone Soup version 0.17-a0-1399-gd5b76e1 (webtiles) character file.

207 bal the Insei (level 5, 0/28 HPs)
             Began as a Vine Stalker Monk on June 18, 2015.
             Was a Believer of Qazlal.
             Slain by an adder (2 damage)
             ... on level 4 of the Dungeon.
             The game lasted 00:07:56 (2595 turns).

bal the Insei (Vine Stalker Monk)                   Turns: 2595, Time: 00:07:56

Health: 0/28       AC:  2    Str: 13    XL:     5   Next: 85%
Magic:  0/6        EV: 14    Int: 10    God:    Qazlal [**....]
Gold:   122        SH:  3    Dex: 18    Spells: 0 memorised, 4 levels left

rFire  . . .     SeeInvis .     i - +1 whip (pain)
rCold  . . .     Clarity  .     a - +0 robe
rNeg   . . .     SustAt   .     (no shield)
rPois  .         Gourm    .     (no helmet)
rElec  .         Spirit   +     (no cloak)
rCorr  .         Warding  .     (no gloves)
rMut   .         Stasis   .     (no boots)
MR     .....                    (no amulet)
Stlth  ++........               (no ring)
                                (no ring)

@: not resistant to hostile enchantments, unstealthy
A: fangs 2, regeneration 1, magic shield, antimagic bite, no device heal 3, rot
immunity
a: Upheaval, Renounce Religion


You were on level 4 of the Dungeon.
You worshipped Qazlal.
Qazlal was pleased with you.
You were not hungry.

You visited 1 branch of the dungeon, and saw 4 of its levels.

You collected 122 gold pieces.

Inventory:

Hand weapons
 b - a +0 hunting sling
 i - a +1 whip of pain (weapon)
Missiles
 k - 8 sling bullets
Armour
 a - a +0 robe (worn)
Jewellery
 q - an uncursed ring of poison resistance {unknown}
 r - an uncursed ring of magical power {unknown}
Scrolls
 h - a scroll of random uselessness {unknown}
 l - 2 scrolls of identify {unknown}
 m - a scroll of amnesia {unknown}
 n - a scroll of remove curse {unknown}
 o - a scroll of enchant armour {unknown}
Potions
 d - a potion of brilliance {unknown}
 e - a potion of resistance {unknown}
 g - 2 potions of curing
 j - a potion of heal wounds {unknown}
 p - a potion of flight {unknown}
 s - a potion of lignification {unknown}
Comestibles
 c - a bread ration
 f - 2 chunks of flesh


   Skills:
 + Level 3.3 Fighting
 + Level 0.8 Maces & Flails
 + Level 1.8 Slings
 + Level 3.4 Dodging
 + Level 2.9 Stealth
 + Level 4.8 Unarmed Combat


You had 4 spell levels left.
You didn't know any spells.

Dungeon Overview and Level Annotations

Branches:
Dungeon (4/15)
 Temple: D:4-7

Altars:
Makhleb
Qazlal
Sif Muna

Annotations:
D:4 Sigmund


Innate Abilities, Weirdness & Mutations

You have extremely sharp teeth.
Your natural rate of healing is unusually fast.
When hurt, damage is shared between your health and your magic reserves.
Your bite disrupts and absorbs the magic of your enemies.
Potions and wands cannot restore your health.
You are immune to rotting.


Message History

Sigmund looks at you with fury.
Sigmund casts a spell.
Sigmund flickers and vanishes!
Deactivating autopickup; reactivate with Ctrl-A.
The adder bites you but does no damage.
You hit the adder but do no damage. Your bite misses the adder.
The adder is heavily wounded.
The adder closely misses you.
A magic dart appears from out of thin air!
The magic dart hits you! The adder completely misses you.
You hit the adder but do no damage.
The adder is heavily wounded.
Something barely misses you. The adder misses you.
Drink which item? (? for menu, Esc to quit)
It was a potion of curing.
You feel better. The adder misses you. Something hits you!
* * * LOW HITPOINT WARNING * * *
Found a stone staircase leading down.
The adder bites you.
You die...

.....#.....# #..
...>......[.##..
.(......##...#..
#...##..# #....#
##..# #..##....#
#..## #.?.....##
##..## #.......#
##..####......###
##..###....#S@.# #
##........##........
##......[.##.....>.
#.................
#............#####
#..###..##..## #.##
#### #.# #.# .# #.#
#


You could see an adder.

Vanquished Creatures
  A scorpion (D:4)
  A hound (D:3)
  A worker ant (D:4)
  3 adders
  2 oozes (D:1)
  A worm (D:3)
  3 giant geckos
  3 orcs (D:3)
  6 hobgoblins
  2 jackals (D:1)
  5 bats
  8 giant cockroaches
  2 giant newts
  13 goblins
  12 kobolds
  6 rats
69 creatures vanquished.

Notes
Turn   | Place    | Note
--------------------------------------------------------------
     0 | D:1      | bal the Vine Stalker Monk began the quest for the Orb.
     0 | D:1      | Reached XP level 1. HP: 11/11 MP: 2/2
    89 | D:1      | Reached XP level 2. HP: 8/16 MP: 0/3
   365 | D:1      | Reached XP level 3. HP: 15/19 MP: 4/4
  1532 | D:2      | Reached XP level 4. HP: 15/24 MP: 3/5
  1548 | D:2      | Found a burning altar of Makhleb.
  1548 | D:2      | Found a deep blue altar of Sif Muna.
  1549 | D:2      | Found a stormy altar of Qazlal.
  1555 | D:2      | Became a worshipper of Qazlal Stormbringer
  1555 | D:2      | Acquired Qazlal's first power
  1555 | D:2      | Acquired Qazlal's second power
  2158 | D:3      | Reached skill level 1 in Slings
  2228 | D:3      | Reached XP level 5. HP: 19/28 MP: 4/6
  2584 | D:4      | Noticed Sigmund
  2593 | D:4      | HP: 1/28 [something (11)]
  2595 | D:4      | Slain by an adder

Vault maps used:
D:1:      lightli_arrival_lavapool, minivault_23
D:2:      minitemple
D:3:      corner_web_ring
D:4:      uniq_sigmund

Action                   |  1- 3 |  4- 6 || total
-------------------------+-------+-------++-------
Melee: Unarmed           |    56 |    33 ||    89
       Whip              |    33 |    75 ||   108
 Fire: Hunting sling     |    27 |       ||    27
  Use: Potion            |       |     1 ||     1
 Stab: Sleeping          |     5 |       ||     5
  Eat: Chunk             |     1 |     3 ||     4
       Pizza             |     1 |       ||     1
